 Dungeon Crawl Stone Soup version 0.27-a0-1290-g15d3ce7508 (webtiles) character file.

Game seed: 10951212275800572659

137268 frbl the Geomancer (level 17, -4/106 HPs)
             Began as a Gargoyle Earth Elementalist on June 15, 2021.
             Was the Champion of Vehumet.
             Slain by a goliath frog (16 damage)
             ... called by a spriggan druid
             ... on level 2 of the Swamp.
             The game lasted 01:32:21 (27688 turns).

frbl the Geomancer (Gargoyle Earth Elementalist)   Turns: 27688, Time: 01:32:22

Health: -4/106     AC: 30    Str: 14    XL:     17   Next: 23%
Magic:  12/32      EV: 18    Int: 24    God:    Vehumet [******]
Gold:   2369       SH:  0    Dex: 10    Spells: 9/38 levels left

rFire    . . .     SeeInvis .   a - +8 great mace of the Six Beasts {venom, Stlth+}
rCold    + . .     Faith    .   (shield currently unavailable)
rNeg     + . .     Spirit   .   M - +0 troll leather armour
rPois    ∞         Reflect  .   u - +2 hat {Int+3}
rElec    +         Harm     .   G - +2 cloak of Suin {rElec rC+ Regen+}
rCorr    .         Rampage  .   B - +2 pair of gloves
Will     +....                  (no boots)
Stlth    +++.......             s - amulet of magic regeneration
HPRegen  2.27/turn              q - +4 ring of protection
MPRegen  0.48/turn              Q - +4 ring of evasion

@: unable to read, flying, studying Ice Magic
A: sickness immunity, AC +12, big wings, negative energy resistance 1,
electricity resistance, torment resistance 1, petrification resistance, hooves
1, horns 1, inability to read while threatened
a: Renounce Religion


You were on level 2 of the Swamp.
You worshipped Vehumet.
Vehumet was exalted by your worship.
You visited 5 branches of the dungeon, and saw 26 of its levels.
You also visited: Gauntlet and Ice Cave.

You collected 3672 gold pieces.
You spent 1303 gold pieces at shops.

Inventory:

Hand Weapons
 a - the +8 great mace of the Six Beasts (weapon) {venom, Stlth+}
   (You found it in an ice cave)

   It poisons the flesh of those it strikes.
   It makes you more stealthy.
Missiles
 b - 599 stones
 d - 4 throwing nets
 E - 5 boomerangs of dispersal
Armour
 u - a +2 hat of intelligence (worn)
 B - a +2 pair of gloves (worn)
 G - the +2 cloak of Suin (worn) {rElec rC+ Regen+}
   (You bought it in a shop on level 11 of the Dungeon)

   It protects you from cold.
   It insulates you from electricity.
   It increases your rate of health regeneration.
 M - a +0 troll leather armour (worn)
Magical Staves
 P - a staff of fire
Jewellery
 q - a +4 ring of protection (left hand)
 s - an amulet of magic regeneration (around neck)
 z - the ring of the Garden {Wiz rC+}
   (You found it in a Gauntlet)

   [ring of wizardry]

   It improves your spell success rate.
   It protects you from cold.
 F - a ring of protection from fire
 L - the ring "Ytuit" {rElec rN+ Dex+2 SInv}
   (You found it on level 1 of the Lair of Beasts)

   [ring of positive energy]

   It affects your dexterity (+2).
   It insulates you from electricity.
   It protects you from negative energy.
   It lets you see invisible.
 Q - a +4 ring of evasion (right hand)
Wands
 e - a wand of mindburst (13)
 f - a wand of paralysis (26)
 g - a wand of charming (7)
 i - a wand of polymorph (11)
 D - a wand of digging (11)
 H - a wand of iceblast (60)
Scrolls
 c - a scroll of holy word
 j - 3 scrolls of summoning
 n - 7 scrolls of teleportation
 o - 6 scrolls of identify
 p - 2 scrolls of immolation
 y - a scroll of fear
 I - 2 scrolls of blinking
 K - 4 scrolls of magic mapping
 N - 2 scrolls of fog
 O - 2 scrolls of brand weapon
 R - 2 scrolls of enchant weapon
Potions
 h - a potion of magic
 l - 4 potions of cancellation
 m - 2 potions of brilliance
 v - a potion of berserk rage
 x - 10 potions of curing
 A - 2 potions of lignification
 C - 3 potions of haste
 J - 2 potions of might
 S - a potion of invisibility
 T - a potion of resistance
Miscellaneous
 k - a lightning rod (4/4)


   Skills:
 + Level 11.6 Fighting
 + Level 10.8 Maces & Flails
 - Level 6.0 Armour
 + Level 9.3 Dodging
 - Level 2.1 Stealth
 + Level 11.0 Spellcasting
 + Level 12.3 Conjurations
 - Level 0.7 Transmutations
 * Level 8.7 Fire Magic
 + Level 14.0 Earth Magic
 - Level 10.0 Evocations


You had 9 spell levels left.
You knew the following spells:

 Your Spells              Type           Power      Damage    Failure   Level
a - Sandblast             Erth           100%       2d20      0%          1
b - Stone Arrow           Conj/Erth      100%       3d13      1%          3
c - Lee's Rapid Deconstr  Erth           34%        3d18*     1%          5
d - Iron Shot             Conj/Erth      33%        9d7       1%          6
e - Bolt of Magma         Conj/Fire/Erth 31%        4d14      1%          5
f - Mephitic Cloud        Conj/Pois/Air  33%        N/A       1%          3
g - Starburst             Conj/Fire      29%        8x6d9     3%          6

Your spell library contained the following spells:

 Spells                   Type           Power      Damage    Failure   Level
 Chain Lightning          Conj/Air       21%        3d28      100%        9
 Fire Storm               Conj/Fire      29%        8d8       100%        9
 Polar Vortex             Ice            6%         N/A       100%        9
 Freeze                   Ice            52%        1d7       1%          1
 Passwall                 Tmut/Erth      40%        N/A       1%          2
 Dazzling Flash           Conj/Hex       84%        N/A       1%          3
 Ignite Poison            Fire/Tmut/Pois 28%        N/A       1%          3
 Hailstorm                Conj/Ice       42%        3d10      1%          4
 Iskenderun's Battlesphe  Conj           64%        2d11      1%          5
 Poisonous Vapours        Pois/Air       26%        N/A       2%          2
 Petrify                  Tmut/Erth      48%        N/A       2%          4
 Sting                    Tmut/Pois      56%        1d5       4%          1
 Frozen Ramparts          Ice            26%        1d4       4%          3
 Corona                   Hex            14%        N/A       6%          1
 Blink                    Tloc           N/A        N/A       9%          2
 Ensorcelled Hibernation  Hex/Ice        26%        N/A       9%          2
 Borgnjor's Vile Clutch   Necr/Erth      23%        N/A       9%          5
 Freezing Cloud           Conj/Ice/Air   16%        6-21      9%          5
 Orb of Destruction       Conj           32%        9d12      9%          7
 Olgreb's Toxic Radiance  Pois           13%        N/A       16%         4
 Confusing Touch          Hex            13%        N/A       17%         3
 Gell's Gravitas          Tloc           6%         N/A       17%         3
 Lesser Beckoning         Tloc           6%         N/A       17%         3
 Ozocubu's Armour         Ice            13%        N/A       17%         3
 Teleport Other           Tloc           13%        N/A       17%         3
 Tukima's Dance           Hex            13%        N/A       17%         3
 Ice Form                 Ice/Tmut       14%        N/A       45%         4
 Animate Dead             Necr           6%         N/A       50%         4
 Summon Ice Beast         Ice/Summ       13%        N/A       50%         4
 Spellforged Servitor     Conj/Summ      21%        N/A       65%         7
 Manifold Assault         Tloc           13%        N/A       85%         5
 Metabolic Englaciation   Hex/Ice        6%         N/A       85%         5
 Death Channel            Necr           6%         N/A       100%        6
 Simulacrum               Ice/Necr       6%         N/A       100%        6
 Ozocubu's Refrigeration  Ice            6%         4d6       100%        7


Dungeon Overview and Level Annotations

Branches:
Dungeon (15/15)            Temple (1/1) D:6            Lair (6/6) D:8
  Swamp (2/4) Lair:3       Spider (0/4) Lair:4        Slime (0/5) Lair:5
    Orc (2/2) D:11            Elf (0/3) Orc:2        Vaults (0/5) D:13
 Depths (0/5) D:15          IceCv (visited)         Gauntlet (visited)

Altars:
Ashenzari
Cheibriados
Makhleb
Okawaru
Ru
Sif Muna
Trog
Uskayaw
Vehumet
Xom
Yredelemnul
Zin
The Shining One
Beogh
Jiyva

Shops:
D:11 [   Orc:1 *   Orc:2 ![[(

Annotations:
D:9 3 runed translucent doors, miami27's ghost, novice MiBe


Innate Abilities, Weirdness & Mutations

You are immune to sickness and miasma.
Your stone body is resilient. (AC +12)
You are immune to poison.
Your large and strong wings let you fly.
You resist negative energy. (rN+)
You are resistant to electric shocks. (rElec)
You are resistant to unholy torment.
You are immune to petrification.
You have large cloven feet.
You have a pair of small horns on your head.
You sometimes lose the ability to read scrolls when taking damage.


Message History

Unknown command.
Unknown command.
Unknown command.
Unknown command.
Unknown command.
Unknown command.
Unknown command.
Unknown command.
Casting: Iron Shot (dangerous; 1% risk of failure)
Confirm with . or Enter, or press ? or * to list all spells.
Aiming: Iron Shot (dangerous; 1% risk of failure)
Press: ? - help, Shift-Dir - straight line, f/p - bog body
Aim: a bog body (severely damaged, 77% to hit)
The iron shot hits the bog body!!
You destroy the bog body!
Vehumet accepts your kill. The goliath frog closely misses you.
The goliath frog barely misses you.
Unknown command.
The goliath frog hits you but does no damage.
The goliath frog closely misses you.
You see here a bog body corpse.
Casting: Iron Shot (dangerous; 1% risk of failure)
Confirm with . or Enter, or press ? or * to list all spells.
Aiming: Iron Shot (dangerous; 1% risk of failure)
Press: ? - help, Shift-Dir - straight line, f - goliath frog
Aim: a goliath frog (strong, 54% to hit)
The iron shot misses the goliath frog.
The goliath frog misses you. The goliath frog hits you from afar!!
* * * LOW HITPOINT WARNING * * *
You are splashed with acid.
* * * LOW HITPOINT WARNING * * *
Unknown command.
Unknown command.
Okay, then.
Unknown command.
You cannot read scrolls in your current state!
Unknown command.
Unknown command.
You feel better. The goliath frog hits you from afar!
You die...

.....♣≈..♣≈≈≈≈.≈≈≈≈≈.≈♣.♣
≈≈≈.≈..≈♣♣♣≈≈≈≈.≈≈≈♣≈≈..♣
♣..≈....♣♣≈.≈.≈)†≈§♣≈§≈.♣
...≈.§..♣≈....≈)≈.§≈≈.≈≈♣
...≈≈...≈≈.....≈†≈.≈≈.≈.♣
♣≈..≈!†)p≈####....≈≈≈≈§.♣
≈.....).F....#......≈≈≈≈§
.....≈.#†...÷...≈♣≈≈§♣≈..
≈..≈≈≈.#@....#...≈≈.♣≈...
..≈≈≈..#.....#..≈≈≈>≈≈...
≈≈≈...!..#####..♣≈≈.≈♣...
.≈.....#.. #..≈≈≈.≈≈.≈≈
♣...#'.##. #..≈...≈♣...
≈♣..#.. #. #..≈≈≈..≈...
#. . #..≈≈§≈≈≈.♣≈ # ..
..≈..≈≈≈.≈≈ ..≈≈≈.≈≈.§≈


You could see a goliath frog (strong) and a neutral human (wandering).

Vanquished Creatures
  Jorgrun (D:14)
  Gastronok (D:8)
  Kirke (Swamp:2)
  A stone giant (D:15)
  The ghost of Delamore the Peltast, a journeyman FoFi of Gozag (Lair:6)
  Nessos (D:14)
  A bunyip (Swamp:1)
  2 minotaurs
  Azrael (D:12)
  Snorg (D:14)
  Josephine (Lair:5)
  A shambling mangrove (Swamp:1)
  Fannar (Lair:2)
  3 boulder beetles
  4 vault guards (D:13)
  3 centaur warriors
  12 hydras
  Harold (D:8)
  2 catoblepae
  Erica (D:8)
  2 alligators
  4 two-headed ogres
  A ghost crab (Swamp:1)
  3 tengu warriors
  2 orc high priests (Orc:2)
  Urug (Lair:2)
  Sonja (Lair:3)
  7 skeletal warriors
  2 goliath frogs (Swamp:1)
  3 spriggan druids
  Pikel (D:6)
  2 bog bodies
  A wizard (D:14)
  2 swamp dragons (Swamp:1)
  A lindwurm (Lair:6)
  A necromancer (IceCv)
  An orc knight (Orc:1)
  9 ugly things
  2 orc sorcerers (Orc:2)
  3 oklob plants (Lair:1)
  An orb spider (shapeshifter) (D:14)
  A will-o-the-wisp (Swamp:1)
  2 deep elf pyromancers (D:14)
  4 manticores
  2 cyclopes
  13 elephants
  3 black mambas
  An ice statue (IceCv)
  Maurice (Orc:2)
  33 cane toads
  An unseen horror (D:12)
  A kobold demonologist (D:13)
  4 yaktaurs (D:12)
  2 efreet
  13 komodo dragons
  11 freezing wraiths
  8 rime drakes
  3 tengu conjurers
  3 meliai (Gauntlet)
  10 hornets
  4 polar bears
  6 trolls
  A meliai (shapeshifter) (D:15)
  30 blink frogs
  9 tyrant leeches
  13 slime creatures
  2 redbacks (Lair:4)
  2 shadows
  8 spriggans
  Sigmund (D:4)
  A vampire (D:10)
  7 wraiths
  2 hogs (Swamp:2)
  53 yaks
  3 fire elementals (D:12)
  5 wyverns
  6 basilisks
  A steam dragon (D:8)
  30 vampire mosquitoes
  14 swamp worms
  An acid dragon (D:11)
  4 wargs
  14 water moccasins
  5 hell hounds (D:12)
  2 swamp drakes (Swamp:1)
  31 orc warriors
  4 black bears
  6 ice beasts (IceCv)
  An alligator simulacrum (IceCv)
  9 necrophages (D:9)
  7 ogres
  12 boggarts
  15 wolves
  13 centaurs
  A phantom (D:6)
  4 lemures (D:6)
  A kobold brigand (D:9)
  Blork the orc (D:4)
  20 bullfrogs
  2 scorpions
  2 wyvern zombies
  A wyvern skeleton (D:7)
  10 wights
  4 electric eels
  4 howler monkeys
  10 centaur zombies
  5 draconian simulacra (IceCv)
  7 hounds
  3 jellies
  21 orc priests
  3 bullfrog skeletons (D:5)
  Ijyb (D:4)
  29 orc wizards
  3 troll simulacra (IceCv)
  2 polar bear simulacra (IceCv)
  3 spriggan simulacra (IceCv)
  A wolf simulacrum (IceCv)
  3 killer bee zombies
  3 centaur simulacra
  2 hound zombies (D:5)
  3 mummies (D:9)
  4 howler monkey zombies
  Robin (D:3)
  A howler monkey skeleton (D:7)
  2 ogre simulacra (IceCv)
  9 adders
  7 gnolls
  6 naga simulacra (IceCv)
  13 white imps
  An adder skeleton (D:4)
  2 dart slugs (D:1)
  103 orcs
  4 bats
  6 endoplasms
  4 giant cockroaches
  19 hobgoblins
  15 jackals
  8 kobolds
  5 quokkas
  7 ball pythons
  2 frilled lizards (D:3)
  19 goblins
  6 rats
921 creatures vanquished.

Vanquished Creatures (collateral kills)
  An adder (D:5)
1 creature vanquished.

Vanquished Creatures (others)
  A bloated husk (Swamp:1)
  A vampire mosquito (D:12)
  A swamp drake (Swamp:2)
  An orc warrior (Orc:2)
  A wight (D:8)
  An orc (Orc:1)
  8 foxfires (Swamp:1)
  23 fungi
  103 plants
  7 withered plants (D:9)
147 creatures vanquished.

Grand Total: 1069 creatures vanquished

Notes
Turn   | Place    | Note
-------+----------+-------------------------------------------
     0 | D:1      | frbl the Gargoyle Earth Elementalist began the quest for
                  | the Orb.
     0 | D:1      | Reached XP level 1. HP: 10/10 MP: 3/3
   325 | D:1      | Reached skill level 4 in Earth Magic
   325 | D:1      | Reached XP level 2. HP: 14/15 MP: 5/5
  1119 | D:1      | Reached XP level 3. HP: 19/19 MP: 6/6
  1123 | D:1      | Learned a level 3 spell: Stone Arrow
  2160 | D:2      | You fall into a shaft and drop 2 floors!
  2161 | D:4      | Noticed Blork the orc
  2167 | D:4      | Reached skill level 1 in Conjurations
  2167 | D:4      | Reached XP level 4. HP: 21/24 MP: 4/8
  2238 | D:4      | Found the necklace of Bloodlust {*Rage +Rage Will++ Int-3
                  | Slay+6}
  2912 | D:2      | Reached skill level 5 in Earth Magic
  2912 | D:2      | Reached XP level 5. HP: 28/28 MP: 6/9
  2973 | D:2      | Learned a level 5 spell: Lee's Rapid Deconstruction
  3358 | D:3      | Noticed a water moccasin
  3369 | D:3      | Killed a water moccasin
  3370 | D:3      | Reached XP level 6. HP: 31/32 MP: 3/11
  3585 | D:3      | You fall into a shaft and drop 1 floor!
  3598 | D:4      | Killed Blork the orc
  3710 | D:4      | Noticed Ijyb
  3722 | D:4      | Killed Ijyb
  4012 | D:4      | Reached skill level 6 in Earth Magic
  4202 | D:4      | Noticed Sigmund
  4213 | D:4      | Killed Sigmund
  4214 | D:4      | Reached XP level 7. HP: 36/36 MP: 0/13
  4732 | D:3      | Found a faded altar of an unknown god.
  4941 | D:3      | Noticed Robin
  4982 | D:3      | Killed Robin
  5209 | D:3      | Found a glowing golden altar of the Shining One.
  5209 | D:3      | Found a bloodstained altar of Trog.
  5209 | D:3      | Found an iron altar of Okawaru.
  5209 | D:3      | Found a snail-covered altar of Cheibriados.
  5223 | D:3      | Found a basalt altar of Yredelemnul.
  5223 | D:3      | Found a hide-covered altar of Uskayaw.
  5564 | D:5      | Entered Level 5 of the Dungeon
  5656 | D:5      | Identified a scroll of acquirement
  5656 | D:5      | Acquired 1082 gold pieces
  5931 | D:5      | Reached skill level 1 in Fighting
  5931 | D:5      | Reached skill level 1 in Armour
  5931 | D:5      | Reached XP level 8. HP: 27/43 MP: 0/15
  5934 | D:5      | Reached skill level 1 in Maces & Flails
  6194 | D:5      | Reached skill level 1 in Evocations
  6223 | D:5      | Reached skill level 5 in Spellcasting
  6366 | D:5      | Reached skill level 7 in Earth Magic
  6754 | D:5      | Reached skill level 5 in Conjurations
  7242 | D:6      | Found a staircase to the Ecumenical Temple.
  7250 | D:6      | Reached XP level 9. HP: 22/49 MP: 11/17
  7251 | Temple   | Entered the Ecumenical Temple
  7255 | Temple   | Became a worshipper of Vehumet
  7919 | D:6      | Noticed Pikel
  7923 | D:6      | Killed Pikel
  8023 | D:6      | Found a sacrificial altar of Ru.
  8306 | D:7      | Reached skill level 8 in Earth Magic
  8385 | D:7      | Reached * piety under Vehumet
  8385 | D:7      | Offered knowledge of Shock by Vehumet.
  8819 | D:8      | Noticed Harold
  8827 | D:8      | Killed Harold
  8827 | D:8      | Noticed Erica
  8828 | D:8      | Reached XP level 10. HP: 45/58 MP: 1/19
  8880 | D:8      | Killed Erica
  8893 | D:8      | Noticed Gastronok
  9209 | D:8      | Killed Gastronok
  9210 | D:8      | Reached skill level 5 in Fighting
  9210 | D:8      | Reached skill level 5 in Maces & Flails
  9210 | D:8      | Reached skill level 5 in Armour
  9210 | D:8      | Reached skill level 9 in Earth Magic
  9210 | D:8      | Reached XP level 11. HP: 45/64 MP: 6/21
  9364 | D:8      | Found a staircase to the Lair.
  9859 | D:9      | Reached ** piety under Vehumet
  9859 | D:9      | Offered knowledge of Poisonous Vapours by Vehumet.
 10091 | D:9      | Noticed a two-headed ogre
 10096 | D:9      | Killed a two-headed ogre
 10304 | D:9      | Noticed a brown ugly thing
 10310 | D:9      | Killed a brown ugly thing
 10311 | D:9      | Reached skill level 5 in Dodging
 10433 | D:9      | Reached skill level 5 in Evocations
 10471 | D:9      | Noticed a two-headed ogre
 10476 | D:9      | Killed a two-headed ogre
 10551 | D:9      | Identified the +0 shortbow of Zaups {vorpal, *Corrode
                  | +Blink Dex-2 SInv}
 10879 | D:9      | Offered knowledge of Mephitic Cloud by Vehumet.
 11234 | D:9      | Found a runed translucent gate.
 11236 | D:9      | Found a runed translucent gate.
 11236 | D:9      | Noticed miami27's ghost (novice MiBe)
 11237 | D:9      | Found a runed translucent gate.
 11239 | D:9      | Found a viscous altar of Jiyva.
 11249 | D:10     | Entered Level 10 of the Dungeon
 11270 | D:10     | Reached *** piety under Vehumet
 11387 | D:10     | Noticed a boulder beetle
 11428 | D:11     | Found a gate leading to a gauntlet.
 11435 | Gauntlet | Entered a Gauntlet
 11435 | Gauntlet | Found a transporter.
 11435 | Gauntlet | Found a transporter.
 11435 | Gauntlet | Found a runed translucent door.
 11690 | Gauntlet | Found a transporter.
 11694 | Gauntlet | Found a transporter.
 11696 | Gauntlet | Noticed a glowing orange brain
 11705 | Gauntlet | Found a transporter.
 11706 | Gauntlet | Found a transporter.
 11714 | Gauntlet | Found a transporter.
 11731 | Gauntlet | Found a transporter.
 11733 | Gauntlet | Noticed a wolf spider
 11733 | Gauntlet | Noticed an entropy weaver
 11748 | Gauntlet | Found a transporter.
 11749 | Gauntlet | Found a transporter.
 11750 | Gauntlet | Found a runed translucent door.
 11757 | Gauntlet | Noticed a wizard
 11760 | Gauntlet | Found a transporter.
 11761 | Gauntlet | Found a transporter.
 11765 | Gauntlet | Found a runed translucent door.
 11785 | Gauntlet | Noticed an oklob plant
 11836 | Gauntlet | a glowing orange brain changed into an eye of devastation
 11847 | Gauntlet | Noticed a mana viper
 11847 | Gauntlet | an eye of devastation changed into a mana viper
 12052 | Gauntlet | Identified the ring of the Garden {Wiz rC+}
 12060 | Gauntlet | Learned a level 3 spell: Mephitic Cloud
 12075 | Gauntlet | Noticed a minotaur
 12082 | Gauntlet | Killed a minotaur
 12083 | Gauntlet | Reached skill level 10 in Earth Magic
 12083 | Gauntlet | Reached XP level 12. HP: 67/71 MP: 19/23
 12185 | D:11     | Found Ikkot's Armour Shop.
 12201 | D:11     | Bought the +2 cloak of Suin {rElec rC+ Regen+} for 639 gold
                  | pieces
 12504 | D:11     | Offered knowledge of Iskenderun's Mystic Blast by Vehumet.
 12521 | D:11     | Found a staircase to the Orcish Mines.
 12853 | D:10     | Killed a boulder beetle
 12920 | D:10     | Found a shimmering blue altar of Sif Muna.
 13447 | D:12     | Noticed Azrael
 13600 | D:12     | Found a frozen archway.
 13607 | IceCv    | Entered an ice cave
 13648 | IceCv    | Reached **** piety under Vehumet
 13903 | IceCv    | Offered knowledge of Yara's Violent Unravelling by Vehumet.
 14072 | IceCv    | Identified the +8 great mace of the Six Beasts {venom,
                  | Stlth+}
 14095 | IceCv    | Found an ancient bone altar of Kikubaaqudgha.
 14124 | IceCv    | Reached ***** piety under Vehumet
 14129 | IceCv    | Offered knowledge of Ozocubu's Refrigeration by Vehumet.
 14415 | D:12     | Reached XP level 13. HP: 74/78 MP: 7/25
 14457 | D:12     | You fall into a shaft and drop 3 floors!
 14457 | D:15     | Entered Level 15 of the Dungeon
 14460 | D:15     | Reached skill level 11 in Earth Magic
 14627 | D:14     | Noticed Nessos
 14693 | D:14     | Noticed Snorg
 14701 | D:14     | Killed Snorg
 14718 | D:14     | Noticed Jorgrun
 14746 | D:14     | Killed Jorgrun
 15116 | D:12     | Killed Azrael
 15254 | D:12     | Offered knowledge of Iskenderun's Battlesphere by Vehumet.
 15490 | D:13     | Reached skill level 10 in Conjurations
 15579 | D:13     | Noticed a vault guard
 15581 | D:13     | Noticed a vault guard
 15584 | D:13     | Gained mutation: Your large and strong wings let you fly.
                  | [Gargoyle growth]
 15584 | D:13     | Reached XP level 14. HP: 64/86 MP: 3/27
 15599 | D:13     | Reached skill level 12 in Earth Magic
 15631 | D:13     | Found a gate to the Vaults.
 16057 | D:14     | Killed Nessos
 16197 | D:14     | Identified the +0 kite shield "Oxurash" {rPois rN+}
 16634 | Lair:1   | Entered Level 1 of the Lair of Beasts
 17086 | Lair:1   | Learned a level 6 spell: Iron Shot
 17092 | Lair:1   | Learned a level 5 spell: Bolt of Magma
 17250 | Lair:1   | Reached skill level 1 in Fire Magic
 17669 | Lair:1   | Identified the +1 chain mail of the Original Sin {*Corrode
                  | rN+ Str+3}
 17716 | Lair:1   | Identified the ring "Ytuit" {rElec rN+ Dex+2 SInv}
 17859 | Lair:2   | Noticed Urug
 17870 | Lair:2   | Killed Urug
 17871 | Lair:2   | Reached skill level 10 in Fighting
 18569 | Lair:2   | Noticed Fannar
 18575 | Lair:2   | Killed Fannar
 18576 | Lair:2   | Reached XP level 15. HP: 81/92 MP: 9/28
 18861 | Lair:3   | Offered knowledge of Starburst by Vehumet.
 18869 | Lair:3   | Learned a level 6 spell: Starburst
 18911 | Lair:3   | Noticed Sonja
 19161 | Lair:3   | Killed Sonja
 19493 | Lair:3   | Found a staircase to the Swamp.
 20031 | Lair:4   | Reached skill level 10 in Spellcasting
 20219 | Lair:4   | Found a hole to the Spider Nest.
 20993 | Lair:5   | Identified the +2 whip "Xaroi" {vorpal, rElec}
 21015 | Lair:5   | Offered knowledge of Freezing Cloud by Vehumet.
 21273 | Lair:5   | Found a staircase to the Slime Pits.
 21274 | Lair:5   | Found a viscous altar of Jiyva.
 21290 | Lair:5   | Noticed Josephine
 21298 | Lair:5   | Killed Josephine
 21299 | Lair:5   | Reached skill level 13 in Earth Magic
 21552 | Lair:5   | Reached skill level 5 in Fire Magic
 21646 | Lair:6   | Entered Level 6 of the Lair of Beasts
 21647 | Lair:6   | Noticed Delamore's ghost (journeyman FoFi)
 21659 | Lair:6   | Found a runed translucent gate.
 21659 | Lair:6   | Found a runed translucent gate.
 21659 | Lair:6   | Found a runed translucent gate.
 21943 | Lair:6   | Reached skill level 10 in Maces & Flails
 21978 | Lair:6   | Reached ****** piety under Vehumet
 21979 | Lair:6   | Offered knowledge of Eringya's Noxious Bog by Vehumet.
 22119 | Lair:6   | Reached XP level 16. HP: 98/99 MP: 30/30
 22340 | Lair:6   | Found the +27 Lear's hauberk
 23021 | Lair:6   | Killed Delamore's ghost
 23212 | Lair:6   | Gained mutation: You sometimes lose the ability to read
                  | scrolls when taking damage. [potion of mutation]
 23212 | Lair:6   | Gained mutation: You have a pair of small horns on your
                  | head. [potion of mutation]
 23212 | Lair:6   | Gained mutation: You have large cloven feet. [potion of
                  | mutation]
 23388 | Orc:1    | Entered Level 1 of the Orcish Mines
 23557 | Orc:2    | Entered Level 2 of the Orcish Mines
 23566 | Orc:1    | Found Cusat's Assorted Antiques.
 23586 | Orc:1    | Offered knowledge of Lightning Bolt by Vehumet.
 23607 | Orc:1    | Bought a fizzy dark potion for 27 gold pieces
 23607 | Orc:1    | Bought a scroll of fear for 105 gold pieces
 23607 | Orc:1    | Bought an ancient leather armour for 210 gold pieces
 23607 | Orc:1    | Identified the +0 leather armour of the Spider Nest {Harm
                  | Will- Int+3} (You bought it in a shop on level 1 of the
                  | Orcish Mines)
 24032 | Orc:2    | Noticed Maurice
 24037 | Orc:2    | Killed Maurice
 24446 | Orc:2    | Found Agibruirph's Armour Shop.
 24515 | Orc:2    | Found a staircase to the Elven Halls.
 24690 | Orc:2    | Found Otiy's Distillery.
 24697 | Orc:2    | Bought a potion of curing for 42 gold pieces
 24697 | Orc:2    | Bought a potion of haste for 140 gold pieces
 24697 | Orc:2    | Bought a potion of haste for 140 gold pieces
 24809 | Orc:2    | Offered knowledge of Ignition by Vehumet.
 24932 | Orc:2    | Found Jiasagra's Antique Weapon Boutique.
 24934 | Orc:2    | Found Xoju's Antique Armour Shop.
 25428 | D:15     | Found a broken altar of Ashenzari.
 26264 | D:15     | Found a staircase to the Depths.
 26531 | Swamp:1  | Entered Level 1 of the Swamp
 26888 | Swamp:1  | Offered knowledge of Fire Storm by Vehumet.
 26888 | Swamp:1  | Offered knowledge of Chain Lightning by Vehumet.
 26888 | Swamp:1  | Offered knowledge of Polar Vortex by Vehumet.
 27038 | Swamp:1  | Reached XP level 17. HP: 93/104 MP: 14/31
 27567 | Swamp:2  | Reached skill level 14 in Earth Magic
 27569 | Swamp:2  | Reached skill level 10 in Evocations
 27655 | Swamp:2  | Noticed Kirke
 27664 | Swamp:2  | Killed Kirke
 27687 | Swamp:2  | HP: 5/106 [acid[a spriggan druid] (6)]
 27688 | Swamp:2  | Slain by a goliath frog

Illustrated notes

Levels and vault maps discovered:
D:1:      psy_arrival_terrarium, layout_basic
D:2:      layout_loops_corners, minmay_misc_feat_more_columns
D:3:      layout_loops_ring, minmay_overflow_temple_hex,
          hellmonk_ecumenical_altar_zigzags, uniq_robin
D:4:      layout_rooms, uniq_sigmund, uniq_ijyb, uniq_blork_the_orc
D:5:      layout_loops_ring, chequers_decorated_corner, minmay_between
D:6:      layout_loops_ring, nicolae_overflow_crystal_walls,
          minmay_temple_entry_overgrown, uniq_pikel
D:7:      layout_rooms
D:8:      layout_basic, david_lair_generic, uniq_harold, uniq_erica,
          uniq_gastronok
D:9:      layout_roguey, gammafunk_ghost_ooze, serial_undead, serial_undead_f,
          serial_undead_e, serial_undead_c, serial_undead_f, serial_undead_e,
          serial_undead_d, serial_undead_b, serial_undead_a, serial_undead_c,
          serial_undead_d, hangedman_decor_push, hex_tiny, serial_bayou_pond_c
D:10:     layout_gridville, led_sif_book
D:11:     layout_long_grid, david_orc_3, gauntlet_entry_generic, serial_shops,
          shop_statue
D:12:     layout_gridville, portal_ice_cave_entry_animals_and_master,
          uniq_azrael
D:13:     layout_rooms, lightli_vaults_fourway_checkpoint, interstate_on_off
D:14:     layout_rooms, uniq_nessos, uniq_jorgrun, uniq_snorg
D:15:     grunt_enter_depths_snipers, layout_rooms,
          ashenzari_conservatory_becter
Temple:   zaba_magenta_temple
Lair:1:   layout_concentric_octagons, chequers_serial_rivers_small_3,
          minmay_lair_oklob_chamber
Lair:2:   layout_chaotic_city, chequers_serial_rivers_micro_c, uniq_urug,
          uniq_fannar
Lair:3:   layout_roguey, nicolae_swamp_entry_splash_gauntlet,
          nzn_sisyphean_effort, grunt_megastairs_3, uniq_sonja
Lair:4:   layout_layer_cave, spider_nest_entry_webs
Lair:5:   layout_concentric_octagons, slime_altar_1, grunt_megastairs_2,
          uniq_josephine
Lair:6:   minmay_lair_end_frog_pond, layout_regular_city,
          maelrawn_ghost_gauntlet_escape, infiniplex_staircase_pool_2,
          serial_bayou_shore_b
Swamp:1:  layout_falls_marsh, evilmike_swamp_ruin_rubble_2
Swamp:2:  layout_falls_marsh, serial_swamp_ruin, evilmike_swamp_ruin_house_4,
          evilmike_swamp_ruin_house_5, hangedman_swamp_ruin_wall, uniq_roxanne,
          uniq_kirke
Orc:1:    cheibrodos_orc_bank, layout_diamond_mine, serial_shops, shop
Orc:2:    grunt_orc_community_town_hall, layout_caves,
          grunt_orc_community_big_house_2, grunt_orc_community_big_house_1,
          grunt_orc_community_house_3, grunt_orc_community_house_3,
          grunt_orc_community_house_1, grunt_orc_community_house_1,
          grunt_orc_community_house_1, uniq_maurice

Skill      XL: |  1  2  3  4  5  6  7  8  9 10 11 12 13 14 15 16 17 |
---------------+----------------------------------------------------+-----
Earth Magic    | 4 5 6 7 8 9 10 11 12 13 14 | 14.0
Spellcasting   | 3 4 5 6 7 8 9 10 11 | 11.0
Conjurations   | 1 2 4 5 6 7 8 9 10 11 12 | 12.3
Fighting       | 1 2 4 5 6 7 9 10 11 | 11.6
Armour         | 1 2 4 5 6 |  6.0
Maces & Flails | 2 3 5 6 7 8 9 10 | 10.8
Dodging        | 2 3 4 5 6 7 8 9 |  9.3
Evocations     | 2 3 4 5 6 7 8 9 10 | 10.0
Fire Magic     | 2 6 8 |  8.7
Stealth        | |  2.1
Transmutations | |  0.7

Action                   |  1- 3 |  4- 6 |  7- 9 | 10-12 | 13-15 | 16-18 || total
-------------------------+-------+-------+-------+-------+-------+-------++-------
Melee: Club              |    98 |    14 |       |       |       |       ||   112
       Unarmed           |     7 |       |       |       |       |       ||     7
       Short sword       |       |   152 |   147 |       |       |       ||   299
       Mace              |       |       |   159 |   284 |       |       ||   443
       Staff             |       |       |       |    11 |       |       ||    11
       Great mace        |       |       |       |     8 |   535 |   580 ||  1123
       Kick              |       |       |       |       |       |    87 ||    87
       Headbutt          |       |       |       |       |       |    44 ||    44
 Cast: Sandblast         |    13 |    29 |    66 |    75 |    11 |     1 ||   195
       Stone Arrow       |       |     9 |    17 |   107 |   101 |     1 ||   235
       Lee's Rapid Decon |       |       |     7 |    72 |    37 |    20 ||   136
       Mephitic Cloud    |       |       |       |       |     3 |     1 ||     4
       Iron Shot         |       |       |       |       |    42 |    72 ||   114
       Bolt of Magma     |       |       |       |       |    22 |     7 ||    29
       Starburst         |       |       |       |       |    25 |    18 ||    43
Evoke: Wand              |       |       |     3 |    23 |    10 |    11 ||    47
  Use: Potion            |       |     1 |     1 |    10 |     5 |     4 ||    21
       Scroll            |       |       |    20 |    10 |     6 |     2 ||    38
 Stab: Sleeping          |     4 |     2 |     5 |       |     5 |     4 ||    20
       Confused          |       |       |       |       |     1 |       ||     1
       Distracted        |       |       |       |       |     1 |     1 ||     2
Armor: Robe              |    52 |    83 |   213 |   347 |   542 |    95 ||  1332
       Troll leather arm |       |       |       |       |       |   446 ||   446
Dodge: Dodged            |    74 |   108 |   283 |   371 |   647 |   983 ||  2466
Block: Other             |     3 |    51 |   105 |       |       |       ||   159
       Reflection        |       |       |     2 |       |       |       ||     2

Table legend: (Time is in decaauts)
 A = Elapsed time spent in this place.
 B = Non-inter-level travel time spent in this place.
 C = Inter-level travel time spent in this place.
 D = Time resting spent in this place.
 E = Time spent auto-exploring this place.
 F = Levels seen in this place.
 G = Mean time per level.
                   A        B        C        D        E       F      G
               +--------+--------+--------+--------+--------+-----+--------+
         Total |  28166 |  26690 |   1476 |   3005 |  17016 |  28 | 1005.9 |
       Dungeon |  16727 |  15676 |   1051 |   2025 |  10058 |  15 | 1115.1 |
        Temple |      8 |      4 |      4 |      0 |      0 |   1 |    8.0 |
          Lair |   6801 |   6560 |    241 |    284 |   4769 |   6 | 1133.5 |
         Swamp |   1182 |   1168 |     14 |    196 |    556 |   2 |  591.0 |
  Orcish Mines |   1943 |   1778 |    165 |     36 |   1042 |   2 |  971.5 |
      Ice Cave |    835 |    835 |      0 |    279 |    234 |   1 |  835.0 |
      Gauntlet |    666 |    666 |      0 |    184 |    356 |   1 |  666.0 |
               +--------+--------+--------+--------+--------+-----+--------+

Top non-repeatable levels by time:
     D:1: 1647 daAuts
  Lair:6: 1550 daAuts
     D:9: 1524 daAuts
     D:2: 1461 daAuts
     D:5: 1399 daAuts
     D:4: 1367 daAuts
   Orc:2: 1297 daAuts
     D:3: 1222 daAuts
  Lair:1: 1176 daAuts
     D:6: 1135 daAuts
  Lair:3: 1124 daAuts
  Lair:4: 1103 daAuts
    D:14: 1051 daAuts
  Lair:2: 996 daAuts
     D:7: 950 daAuts
